Match 28559634
Unlisted

Match 28559634
End
Construct Section Command Post
Selects Indian Artillery Battlegroup
Vickers Machine Gun Team
Infantry Section
Dingo Light Scout Car
Infantry Section
Selects Towed ML 4.2-inch Heavy Mortar
Towed ML 4.2-inch Heavy Mortar
Construct Platoon Command Post
6-pounder Anti-tank Gun Team
Selects Off-map Airburst Barrage
Off-map Airburst Barrage
Infantry Training
Off-map Airburst Barrage
Construct Company Command Post
AMMRAM
Minimizen
sasokgo
wula
Friendly Mouse(Poxie)
gameing
Scat
是谁住在深海的大菠萝
0
0

Comments sign in to comment!

No comments posted yet!